[ AOE2 MATCH · #487685640 ]
UnrankedSicilians vs Vietnamese
[ REPLAY ANALYSIS · EXTRACTED FROM THE RECORDED GAME ]
Feudal
17:46
Castle
—
Imperial
—
| APM avg | 17.9 |
| APM peak | 47 |
| eAPM avg | 7.8 |
| Villagers / military | 29 / 41 |
Focus
⚔️ 21.5% · 🌾 78.5%
Serjeant ×33 · Fishing Ship ×20 · Fire Galley ×8 · Unknown (2626) ×2
Feudal
—
Castle
—
Imperial
—
| APM avg | 13.9 |
| APM peak | 62 |
| eAPM avg | 6.1 |
| Villagers / military | 20 / 0 |
Focus
⚔️ 20.3% · 🌾 79.7%
Fishing Ship ×7
Feudal
—
Castle
—
Imperial
—
| APM avg | 9.1 |
| APM peak | 63 |
| eAPM avg | 5.2 |
| Villagers / military | 8 / 0 |
Focus
⚔️ 23.3% · 🌾 76.7%
Fishing Ship ×3
Feudal
13:55
Castle
18:09
Imperial
28:15
| APM avg | 20.4 |
| APM peak | 64 |
| eAPM avg | 10.7 |
| Villagers / military | 28 / 16 |
Focus
⚔️ 27.9% · 🌾 72.1%
Gbeto ×16 · Fishing Ship ×7 · Unknown (2626) ×4
Feudal
—
Castle
—
Imperial
—
| APM avg | 15.8 |
| APM peak | 55 |
| eAPM avg | 4.3 |
| Villagers / military | 17 / 0 |
Focus
⚔️ 34.1% · 🌾 65.9%
Fishing Ship ×3
Feudal
15:01
Castle
27:27
Imperial
—
| APM avg | 26.3 |
| APM peak | 70 |
| eAPM avg | 10.8 |
| Villagers / military | 53 / 24 |
Focus
⚔️ 18.3% · 🌾 81.7%
Militia ×18 · Fishing Ship ×11 · Fire Galley ×5 · Mangonel ×1
Feudal
—
Castle
—
Imperial
—
| APM avg | 9.4 |
| APM peak | 55 |
| eAPM avg | 2.9 |
| Villagers / military | 17 / 0 |
Focus
⚔️ 25.0% · 🌾 75.0%
Fishing Ship ×2
Feudal
17:46
Castle
21:23
Imperial
—
| APM avg | 33.1 |
| APM peak | 113 |
| eAPM avg | 21.6 |
| Villagers / military | 72 / 41 |
Focus
⚔️ 16.0% · 🌾 84.0%
Knight ×40 · Fishing Ship ×15 · Monk ×1
Match map
Initial resources + every placement click. Lines = walls · curves = elevation contours. ◆ gold · ⬟ stone · ● berries · ✦ relic · ◌ wall gap
Your base· Open — unwalled flank
_SHiX_'s base· Open — unwalled flank
小刀's base· Open — unwalled flank
Mr. C's base· Open — 12t gap
Melodies of Life's base· Open — unwalled flank
Mr. Fay's base· Open — 8t gap
ImperialSheep's base· Open — 13t gap
Mr. Bannon's base· Open — 9t gap
Smoothed initial terrain · ◌ = detected wall gap · hover for details
Inputs per minute
— Mr. Keibron - - _SHiX_
Build order — Mr. Keibron
126 actions detected in the replay
| 0:10 | Build | Town Center |
| 1:22 | Build | Palisade Wall |
| 1:28 | Build | Palisade Wall |
| 1:30 | Build | Palisade Wall |
| 1:32 | Build | Palisade Wall |
| 1:39 | Build | House |
| 2:09 | Build | Palisade Wall |
| 2:12 | Build | Palisade Wall |
| 2:19 | Build | Palisade Wall |
| 2:34 | Build | Palisade Wall |
| 2:51 | Build | Palisade Wall |
| 2:53 | Build | Palisade Wall |
| 2:57 | Build | Palisade Wall |
| 3:06 | Queue | Villager (Male) |
| 3:07 | Queue | Villager (Male) |
| 3:07 | Research | Loom |
| 3:08 | Queue | Villager (Male) ×2 |
| 4:10 | Build | Dock |
| 4:20 | Build | House |
| 4:25 | Build | House |
| 4:44 | Build | House |
| 4:55 | Queue | Fishing Ship |
| 4:56 | Queue | Fishing Ship |
| 6:18 | Queue | Villager (Male) |
| 6:19 | Queue | Villager (Male) |
| 6:29 | Queue | Fishing Ship |
| 6:29 | Queue | Fishing Ship |
| 6:54 | Queue | Villager (Male) |
| 6:55 | Queue | Villager (Male) |
| 7:13 | Queue | Fishing Ship |
| 7:14 | Queue | Fishing Ship |
| 7:15 | Queue | Villager (Male) |
| 7:15 | Queue | Villager (Male) |
| 7:57 | Queue | Villager (Male) |
| 7:58 | Queue | Villager (Male) |
| 8:33 | Queue | Villager (Male) |
| 8:33 | Queue | Villager (Male) |
| 9:09 | Build | Mining Camp |
| 9:22 | Build | House |
| 9:25 | Build | House |
| 10:21 | Queue | Villager (Male) |
| 10:22 | Queue | Villager (Male) |
| 10:24 | Queue | Villager (Male) |
| 10:25 | Queue | Villager (Male) |
| 10:45 | Queue | Fishing Ship |
| 11:11 | Queue | Fishing Ship |
| 11:13 | Queue | Fishing Ship |
| 11:48 | Queue | Villager (Male) |
| 11:48 | Queue | Villager (Male) |
| 12:32 | Queue | Villager (Male) |
| 12:40 | Build | House |
| 12:41 | Build | House |
| 12:50 | Build | Mining Camp |
| 12:59 | Queue | Fishing Ship |
| 12:59 | Queue | Fishing Ship |
| 13:04 | Build | House |
| 13:27 | Build | Dock |
| 13:31 | Queue | Villager (Male) |
| 13:50 | Build | Mill |
| 14:05 | Queue | Fishing Ship |
| 14:27 | Queue | Fishing Ship |
| 14:28 | Queue | Fishing Ship |
| 14:30 | Queue | Fishing Ship |
| 14:38 | Build | Outpost |
| 14:57 | Build | Palisade Gate |
| 15:09 | Build | House |
| 15:36 | Research | Feudal Age |
| 15:36 | Research | Feudal Age |
| 15:46 | Build | Outpost |
| 16:22 | Build | Outpost |
| 17:15 | Build | Palisade Gate |
| 17:46 | Age | Feudal Age |
| 17:49 | Build | Donjon |
| 17:57 | Build | Donjon |
| 18:14 | Queue | Villager (Male) |
| 18:14 | Queue | Villager (Male) |
| 18:15 | Queue | Villager (Male) |
| 18:16 | Research | Stone Mining |
| 18:22 | Build | Lumber Camp |
| 19:10 | Queue | Serjeant ×5 |
| 19:11 | Queue | Serjeant ×5 |
| 19:19 | Build | Mining Camp |
| 19:53 | Queue | Serjeant |
| 19:54 | Queue | Serjeant |
| 19:54 | Queue | Serjeant |
| 19:58 | Queue | Serjeant |
| 20:50 | Queue | Villager (Male) |
| 21:23 | Build | Blacksmith |
| 21:28 | Build | Market |
| 21:35 | Queue | Fire Galley |
| 21:35 | Queue | Fire Galley |
| 21:35 | Queue | Fire Galley |
| 21:40 | Build | House |
| 21:41 | Build | House |
| 21:41 | Build | House |
| 21:41 | Build | House |
| 21:42 | Build | House |
| 21:48 | Research | Tech 906 |
| 21:48 | Research | Tech 906 |
| 21:50 | Queue | Fire Galley |
| 22:52 | Queue | Fire Galley |
| 22:52 | Queue | Fire Galley |
| 22:54 | Queue | Unit 2626 |
| 22:55 | Queue | Unit 2626 |
| 23:32 | Queue | Fire Galley |
| 23:32 | Queue | Fire Galley |
| 23:35 | Research | Fletching |
| 23:37 | Research | Forging |
| 23:55 | Queue | Villager (Male) |
| 23:56 | Queue | Villager (Male) |
| 23:56 | Queue | Villager (Male) |
| 25:34 | Build | House |
| 25:35 | Build | House |
| 25:46 | Research | Town Watch |
| 26:30 | Queue | Fishing Ship |
| 26:31 | Queue | Fishing Ship |
| 26:31 | Queue | Fishing Ship |
| 26:31 | Queue | Fishing Ship |
| 26:31 | Queue | Fishing Ship |
| 28:46 | Research | Gold Mining |
| 30:59 | Queue | Serjeant ×5 |
| 31:00 | Queue | Serjeant ×5 |
| 31:00 | Queue | Serjeant ×5 |
| 31:00 | Queue | Serjeant ×2 |
| 31:09 | Queue | Serjeant |
| 31:09 | Queue | Serjeant |
Build order — _SHiX_
36 actions detected in the replay
| 0:17 | Build | Town Center |
| 0:25 | Build | Town Center |
| 1:11 | Build | Dock |
| 1:54 | Build | Palisade Wall |
| 2:43 | Queue | Villager (Male) |
| 2:44 | Queue | Villager (Male) |
| 2:44 | Queue | Villager (Male) |
| 2:45 | Queue | Villager (Male) |
| 2:45 | Queue | Villager (Male) |
| 3:30 | Queue | Fishing Ship |
| 3:30 | Queue | Fishing Ship |
| 3:31 | Queue | Fishing Ship |
| 3:38 | Research | Loom |
| 3:44 | Build | House |
| 3:47 | Queue | Villager (Male) |
| 3:47 | Queue | Villager (Male) |
| 4:10 | Queue | Fishing Ship |
| 4:10 | Queue | Fishing Ship |
| 4:16 | Build | House |
| 4:41 | Build | Palisade Gate |
| 4:54 | Queue | Villager (Male) |
| 4:54 | Queue | Villager (Male) |
| 5:36 | Queue | Fishing Ship |
| 6:07 | Queue | Villager (Male) |
| 6:20 | Queue | Fishing Ship |
| 6:46 | Queue | Villager (Male) |
| 6:46 | Queue | Villager (Male) |
| 6:47 | Queue | Villager (Male) |
| 7:03 | Build | House |
| 7:28 | Queue | Villager (Male) |
| 7:29 | Queue | Villager (Male) |
| 7:29 | Queue | Villager (Male) |
| 7:37 | Queue | Villager (Male) |
| 7:37 | Queue | Villager (Male) |
| 8:30 | Queue | Villager (Male) |
| 8:30 | Queue | Villager (Male) |
Build order — 小刀
23 actions detected in the replay
| 0:23 | Build | Town Center |
| 1:03 | Build | House |
| 1:05 | Build | Dock |
| 1:36 | Build | Palisade Wall |
| 1:49 | Build | Palisade Wall |
| 2:06 | Build | Palisade Wall |
| 2:33 | Build | Dock |
| 2:43 | Queue | Villager (Male) |
| 2:44 | Queue | Villager (Male) |
| 2:44 | Queue | Villager (Male) |
| 2:44 | Queue | Villager (Male) |
| 4:00 | Queue | Fishing Ship |
| 4:08 | Research | Loom |
| 4:16 | Build | House |
| 5:07 | Queue | Villager (Male) |
| 5:09 | Queue | Fishing Ship |
| 5:41 | Build | Palisade Wall |
| 6:11 | Queue | Villager (Male) |
| 6:20 | Build | Palisade Wall |
| 6:30 | Queue | Villager (Male) |
| 7:14 | Queue | Villager (Male) |
| 7:23 | Build | House |
| 7:25 | Queue | Fishing Ship |
Build order — Mr. C
94 actions detected in the replay
| 0:36 | Build | Town Center |
| 1:05 | Build | Dock |
| 1:13 | Build | Palisade Wall |
| 1:15 | Build | Palisade Wall |
| 1:16 | Build | Palisade Wall |
| 1:22 | Build | House |
| 2:42 | Queue | Villager (Male) ×4 |
| 2:42 | Queue | Villager (Male) ×4 |
| 3:55 | Queue | Fishing Ship |
| 4:16 | Queue | Villager (Male) |
| 4:21 | Research | Loom |
| 4:30 | Build | House |
| 4:50 | Queue | Fishing Ship |
| 5:15 | Queue | Villager (Male) |
| 5:15 | Queue | Villager (Male) |
| 5:20 | Build | House |
| 5:44 | Build | Palisade Wall |
| 5:47 | Build | Palisade Wall |
| 5:52 | Build | Palisade Wall |
| 6:03 | Build | Palisade Wall |
| 6:05 | Queue | Villager (Male) |
| 6:05 | Queue | Villager (Male) |
| 6:39 | Queue | Villager (Male) |
| 6:39 | Queue | Villager (Male) |
| 6:40 | Queue | Villager (Male) |
| 7:23 | Build | Palisade Wall |
| 7:30 | Build | Palisade Wall |
| 7:31 | Build | Palisade Wall |
| 7:33 | Build | Palisade Wall |
| 7:34 | Build | Palisade Wall |
| 8:13 | Queue | Villager (Male) |
| 8:13 | Queue | Villager (Male) |
| 8:14 | Queue | Villager (Male) |
| 8:18 | Build | House |
| 8:58 | Queue | Villager (Male) |
| 10:02 | Build | House |
| 10:18 | Queue | Villager (Male) |
| 10:26 | Queue | Fishing Ship |
| 10:32 | Build | House |
| 10:44 | Build | Mill |
| 11:09 | Queue | Fishing Ship |
| 11:09 | Queue | Fishing Ship |
| 11:45 | Research | Feudal Age |
| 11:55 | Build | Mill |
| 12:01 | Queue | Fishing Ship |
| 12:01 | Queue | Fishing Ship |
| 12:37 | Build | Mill |
| 12:45 | Queue | Villager (Male) |
| 13:55 | Age | Feudal Age |
| 13:56 | Build | Blacksmith |
| 14:10 | Build | Market |
| 14:13 | Queue | Villager (Male) |
| 14:20 | Queue | Villager (Male) |
| 14:43 | Build | House |
| 15:29 | Research | Castle Age |
| 15:59 | Build | Outpost |
| 17:00 | Build | Outpost |
| 18:09 | Age | Castle Age |
| 18:14 | Build | Castle |
| 18:24 | Research | Town Watch |
| 18:56 | Research | Fletching |
| 19:13 | Queue | Gbeto |
| 19:44 | Build | Mining Camp |
| 19:59 | Queue | Gbeto |
| 20:00 | Queue | Gbeto |
| 20:33 | Queue | Gbeto |
| 20:33 | Queue | Gbeto |
| 21:03 | Queue | Gbeto |
| 21:20 | Queue | Unit 2626 |
| 21:21 | Queue | Unit 2626 |
| 21:28 | Queue | Gbeto |
| 21:28 | Queue | Gbeto |
| 21:54 | Queue | Gbeto |
| 21:55 | Queue | Gbeto |
| 21:55 | Queue | Gbeto |
| 22:42 | Queue | Unit 2626 |
| 22:42 | Queue | Unit 2626 |
| 25:05 | Research | Imperial Age |
| 25:53 | Build | Lumber Camp |
| 27:07 | Queue | Gbeto |
| 27:08 | Queue | Gbeto |
| 27:24 | Build | Barracks |
| 28:15 | Age | Imperial Age |
| 28:40 | Research | Spies/Treason |
| 31:05 | Queue | Villager (Male) |
| 31:05 | Queue | Villager (Male) |
| 31:05 | Queue | Villager (Male) |
| 31:06 | Queue | Villager (Male) |
| 31:09 | Build | Siege Workshop |
| 31:13 | Queue | Gbeto |
| 31:13 | Queue | Gbeto |
| 31:14 | Queue | Gbeto |
| 31:17 | Research | Forging |
| 32:17 | Research | Squires |
Build order — Melodies of Life
32 actions detected in the replay
| 0:50 | Build | Town Center |
| 3:10 | Build | House |
| 3:20 | Build | House |
| 3:23 | Queue | Villager (Male) |
| 3:24 | Queue | Villager (Male) |
| 3:34 | Queue | Villager (Male) |
| 3:35 | Queue | Villager (Male) |
| 3:47 | Build | House |
| 4:04 | Queue | Villager (Male) |
| 4:04 | Queue | Villager (Male) |
| 4:41 | Build | Dock |
| 4:58 | Queue | Villager (Male) |
| 4:58 | Queue | Villager (Male) |
| 5:51 | Queue | Villager (Male) |
| 5:51 | Queue | Villager (Male) |
| 6:00 | Research | Loom |
| 6:11 | Build | House |
| 6:38 | Queue | Villager (Male) |
| 6:39 | Queue | Villager (Male) |
| 6:58 | Queue | Villager (Male) |
| 7:03 | Queue | Fishing Ship |
| 7:45 | Build | House |
| 8:01 | Queue | Villager (Male) |
| 8:01 | Queue | Villager (Male) |
| 8:31 | Queue | Villager (Male) |
| 8:32 | Queue | Villager (Male) |
| 9:24 | Queue | Fishing Ship |
| 10:53 | Build | Palisade Wall |
| 10:54 | Build | Palisade Wall |
| 10:55 | Build | Palisade Wall |
| 10:59 | Build | Palisade Wall |
| 20:33 | Queue | Fishing Ship |
Build order — Mr. Fay
First 150 of 156 actions detected
| 0:03 | Build | Town Center |
| 2:15 | Queue | Villager (Male) |
| 2:15 | Queue | Villager (Male) |
| 2:16 | Queue | Villager (Male) |
| 2:16 | Queue | Villager (Male) |
| 2:17 | Queue | Villager (Male) |
| 2:25 | Build | House |
| 3:42 | Research | Loom |
| 4:18 | Build | House |
| 4:25 | Build | House |
| 5:14 | Build | Dock |
| 5:26 | Queue | Villager (Male) |
| 5:27 | Queue | Villager (Male) |
| 5:52 | Queue | Villager (Male) |
| 5:53 | Queue | Villager (Male) |
| 5:57 | Build | House |
| 5:58 | Queue | Fishing Ship |
| 5:58 | Queue | Fishing Ship |
| 5:58 | Queue | Fishing Ship |
| 6:20 | Queue | Villager (Male) |
| 6:20 | Queue | Villager (Male) |
| 6:54 | Queue | Villager (Male) |
| 6:54 | Queue | Villager (Male) |
| 6:55 | Queue | Villager (Male) |
| 7:18 | Queue | Fishing Ship |
| 7:54 | Queue | Villager (Male) |
| 7:54 | Queue | Villager (Male) |
| 7:55 | Queue | Villager (Male) |
| 8:07 | Build | House |
| 8:41 | Build | House |
| 8:46 | Queue | Villager (Male) |
| 8:47 | Queue | Villager (Male) |
| 8:47 | Queue | Villager (Male) |
| 9:08 | Queue | Fishing Ship |
| 9:09 | Queue | Fishing Ship |
| 9:09 | Queue | Fishing Ship |
| 9:09 | Queue | Fishing Ship |
| 9:14 | Build | House |
| 9:49 | Build | House |
| 10:37 | Build | Lumber Camp |
| 10:40 | Queue | Villager (Male) |
| 11:07 | Queue | Villager (Male) |
| 11:38 | Build | Barracks |
| 11:42 | Queue | Villager (Male) |
| 11:54 | Queue | Fishing Ship |
| 12:26 | Build | Mining Camp |
| 12:51 | Research | Feudal Age |
| 13:27 | Build | Dock |
| 14:08 | Build | House |
| 14:16 | Queue | Fishing Ship |
| 14:16 | Queue | Fishing Ship |
| 14:27 | Build | House |
| 15:01 | Age | Feudal Age |
| 15:02 | Research | Double-Bit Axe |
| 15:02 | Research | Double-Bit Axe |
| 15:03 | Queue | Villager (Male) |
| 15:04 | Queue | Villager (Male) |
| 15:04 | Queue | Villager (Male) |
| 15:16 | Build | Blacksmith |
| 15:22 | Build | House |
| 15:24 | Research | Man-at-Arms (upgrade) |
| 15:25 | Queue | Militia |
| 15:25 | Queue | Militia |
| 15:26 | Queue | Militia |
| 15:26 | Queue | Militia |
| 15:26 | Queue | Militia |
| 15:27 | Queue | Militia |
| 15:29 | Queue | Militia |
| 15:30 | Queue | Militia |
| 15:30 | Queue | Militia |
| 16:42 | Build | Outpost |
| 16:45 | Build | House |
| 16:49 | Research | Scale Mail Armor |
| 17:02 | Build | Mill |
| 17:07 | Queue | Villager (Male) |
| 17:07 | Queue | Villager (Male) |
| 17:08 | Queue | Villager (Male) |
| 17:37 | Build | Mining Camp |
| 17:44 | Queue | Villager (Male) |
| 17:54 | Build | Farm |
| 17:54 | Build | Farm |
| 17:54 | Build | Farm |
| 17:55 | Build | Farm |
| 17:55 | Build | Farm |
| 17:55 | Build | Farm |
| 17:56 | Build | Farm |
| 17:57 | Build | Farm |
| 18:01 | Queue | Villager (Male) |
| 18:01 | Queue | Villager (Male) |
| 18:02 | Queue | Villager (Male) |
| 18:02 | Queue | Villager (Male) |
| 18:45 | Research | Forging |
| 18:49 | Queue | Militia |
| 18:49 | Queue | Militia |
| 19:30 | Queue | Militia |
| 19:30 | Queue | Militia |
| 19:31 | Queue | Militia |
| 19:31 | Queue | Militia |
| 19:31 | Queue | Militia |
| 20:19 | Build | House |
| 20:21 | Build | House |
| 20:54 | Queue | Militia |
| 20:55 | Queue | Militia |
| 21:02 | Queue | Villager (Male) |
| 21:02 | Queue | Villager (Male) |
| 21:09 | Queue | Villager (Male) |
| 21:09 | Queue | Villager (Male) |
| 21:09 | Queue | Villager (Male) |
| 21:38 | Research | Wheelbarrow |
| 21:39 | Research | Town Watch |
| 22:48 | Queue | Fire Galley ×5 |
| 23:08 | Build | Market |
| 23:11 | Queue | Villager (Male) |
| 23:12 | Queue | Villager (Male) |
| 23:16 | Research | Horse Collar |
| 23:58 | Build | House |
| 24:00 | Build | House |
| 24:23 | Research | Castle Age |
| 25:11 | Build | Dock |
| 25:17 | Research | Tech 906 |
| 25:59 | Build | Farm |
| 25:59 | Build | Farm |
| 25:59 | Build | Farm |
| 26:00 | Build | Farm |
| 26:00 | Build | Farm |
| 26:00 | Build | Farm |
| 26:00 | Build | Farm |
| 26:01 | Build | Farm |
| 27:12 | Build | House |
| 27:27 | Age | Castle Age |
| 28:20 | Research | Hand Cart |
| 28:21 | Research | Town Patrol |
| 28:29 | Build | Town Center |
| 28:43 | Research | Gold Mining |
| 28:45 | Queue | Villager (Male) |
| 28:45 | Queue | Villager (Male) |
| 28:45 | Queue | Villager (Male) |
| 28:46 | Queue | Villager (Male) |
| 29:51 | Research | Chain Mail Armor |
| 29:51 | Research | Iron Casting |
| 29:56 | Research | Squires |
| 29:59 | Research | Long Swordsman (upgrade) |
| 29:59 | Research | Long Swordsman (upgrade) |
| 30:32 | Queue | Villager (Male) |
| 30:32 | Queue | Villager (Male) |
| 30:33 | Queue | Villager (Male) |
| 30:33 | Queue | Villager (Male) |
| 30:33 | Queue | Villager (Male) |
| 30:33 | Queue | Villager (Male) |
| 30:47 | Build | Siege Workshop |
Build order — ImperialSheep
27 actions detected in the replay
| 0:38 | Build | Town Center |
| 1:03 | Build | Dock |
| 1:06 | Build | House |
| 2:48 | Queue | Villager (Male) |
| 2:49 | Queue | Villager (Male) |
| 2:58 | Queue | Villager (Male) |
| 2:58 | Queue | Villager (Male) |
| 2:58 | Queue | Villager (Male) |
| 3:58 | Queue | Fishing Ship |
| 4:23 | Queue | Villager (Male) |
| 4:26 | Build | House |
| 4:47 | Queue | Villager (Male) |
| 4:47 | Queue | Villager (Male) |
| 5:10 | Queue | Villager (Male) |
| 5:11 | Queue | Villager (Male) |
| 5:27 | Queue | Villager (Male) |
| 5:27 | Queue | Villager (Male) |
| 5:59 | Queue | Villager (Male) |
| 6:02 | Queue | Villager (Male) |
| 6:17 | Build | House |
| 6:20 | Queue | Fishing Ship |
| 6:50 | Queue | Villager (Male) |
| 7:00 | Queue | Villager (Male) |
| 7:13 | Research | Loom |
| 7:44 | Build | Mill |
| 7:59 | Build | House |
| 8:12 | Queue | Villager (Male) |
Build order — Mr. Bannon
First 150 of 240 actions detected
| 0:05 | Build | House |
| 0:34 | Build | Town Center |
| 0:46 | Build | Town Center |
| 1:04 | Build | Town Center |
| 3:08 | Queue | Villager (Male) |
| 3:08 | Queue | Villager (Male) |
| 3:08 | Queue | Villager (Male) |
| 3:09 | Queue | Villager (Male) |
| 3:09 | Queue | Villager (Male) |
| 4:37 | Queue | Villager (Male) |
| 5:04 | Queue | Villager (Male) |
| 5:04 | Queue | Villager (Male) |
| 5:04 | Queue | Villager (Male) |
| 5:07 | Queue | Villager (Male) |
| 5:07 | Queue | Villager (Male) |
| 5:31 | Queue | Villager (Male) |
| 5:31 | Queue | Villager (Male) |
| 5:32 | Queue | Villager (Male) |
| 5:32 | Queue | Villager (Male) |
| 5:32 | Queue | Villager (Male) |
| 5:32 | Queue | Villager (Male) |
| 5:33 | Queue | Villager (Male) |
| 5:44 | Build | House |
| 5:55 | Queue | Villager (Male) |
| 5:55 | Queue | Villager (Male) |
| 6:11 | Queue | Villager (Male) |
| 6:11 | Queue | Villager (Male) |
| 6:19 | Build | House |
| 7:16 | Queue | Villager (Male) |
| 7:16 | Queue | Villager (Male) |
| 7:16 | Queue | Villager (Male) |
| 8:09 | Research | Loom |
| 8:10 | Research | Loom |
| 8:23 | Build | Dock |
| 8:28 | Queue | Villager (Male) |
| 8:28 | Queue | Villager (Male) |
| 8:29 | Queue | Villager (Male) |
| 9:01 | Build | Lumber Camp |
| 9:22 | Queue | Villager (Male) |
| 9:22 | Queue | Villager (Male) |
| 9:45 | Queue | Villager (Male) |
| 9:45 | Queue | Villager (Male) |
| 9:45 | Queue | Villager (Male) |
| 10:01 | Build | Barracks |
| 10:19 | Build | Mill |
| 10:25 | Queue | Villager (Male) |
| 10:25 | Queue | Villager (Male) |
| 10:25 | Queue | Villager (Male) |
| 10:30 | Queue | Fishing Ship |
| 10:30 | Queue | Fishing Ship |
| 10:30 | Queue | Fishing Ship |
| 10:30 | Queue | Fishing Ship |
| 10:31 | Queue | Fishing Ship |
| 10:45 | Build | House |
| 11:03 | Queue | Fishing Ship |
| 11:03 | Queue | Fishing Ship |
| 11:05 | Build | House |
| 11:34 | Build | Farm |
| 11:39 | Build | Farm |
| 12:02 | Queue | Villager (Male) |
| 12:02 | Queue | Villager (Male) |
| 12:02 | Queue | Villager (Male) |
| 12:09 | Build | Farm |
| 12:21 | Build | Farm |
| 12:27 | Queue | Villager (Male) |
| 12:27 | Queue | Villager (Male) |
| 12:34 | Build | Farm |
| 12:39 | Build | House |
| 13:07 | Build | House |
| 13:15 | Queue | Fishing Ship |
| 13:19 | Queue | Villager (Male) |
| 13:19 | Queue | Villager (Male) |
| 13:52 | Build | House |
| 13:53 | Build | House |
| 13:59 | Queue | Fishing Ship |
| 14:21 | Queue | Villager (Male) |
| 14:21 | Queue | Villager (Male) |
| 14:51 | Build | Farm |
| 14:51 | Build | Farm |
| 14:51 | Build | Farm |
| 14:52 | Build | Farm |
| 14:52 | Build | Farm |
| 14:52 | Build | Farm |
| 14:52 | Build | Farm |
| 14:53 | Build | Farm |
| 15:13 | Build | Farm |
| 15:28 | Research | Feudal Age |
| 15:43 | Build | Mining Camp |
| 17:20 | Queue | Villager (Male) |
| 17:20 | Queue | Villager (Male) |
| 17:46 | Age | Feudal Age |
| 17:51 | Build | Market |
| 17:54 | Build | Blacksmith |
| 18:43 | Research | Castle Age |
| 18:43 | Research | Castle Age |
| 18:44 | Research | Castle Age |
| 18:44 | Research | Castle Age |
| 18:52 | Research | Double-Bit Axe |
| 18:52 | Research | Double-Bit Axe |
| 18:55 | Research | Gold Mining |
| 18:56 | Research | Gold Mining |
| 18:59 | Build | Stable |
| 19:01 | Build | Stable |
| 19:01 | Build | Stable |
| 19:42 | Build | Stable |
| 20:19 | Build | House |
| 20:49 | Research | Bloodlines |
| 20:50 | Research | Bloodlines |
| 20:57 | Build | Stable |
| 20:58 | Build | Stable |
| 21:08 | Research | Scale Barding Armor |
| 21:11 | Build | House |
| 21:11 | Queue | Villager (Male) |
| 21:13 | Queue | Villager (Male) |
| 21:15 | Queue | Villager (Male) |
| 21:23 | Age | Castle Age |
| 21:27 | Queue | Knight |
| 21:28 | Queue | Knight |
| 21:28 | Queue | Knight |
| 21:30 | Research | Husbandry |
| 21:30 | Research | Husbandry |
| 21:30 | Research | Husbandry |
| 21:57 | Build | House |
| 21:57 | Build | House |
| 22:12 | Queue | Knight |
| 22:13 | Queue | Knight |
| 22:13 | Queue | Knight |
| 22:13 | Queue | Knight |
| 22:13 | Queue | Knight |
| 22:16 | Build | House |
| 22:17 | Build | House |
| 22:56 | Queue | Knight |
| 22:56 | Queue | Knight |
| 22:56 | Queue | Knight |
| 23:16 | Build | House |
| 23:16 | Build | House |
| 23:19 | Queue | Knight |
| 23:19 | Queue | Knight |
| 23:23 | Queue | Villager (Male) |
| 23:24 | Queue | Villager (Male) |
| 23:24 | Queue | Villager (Male) |
| 23:26 | Build | House |
| 23:27 | Build | House |
| 23:29 | Build | Monastery |
| 23:35 | Build | Lumber Camp |
| 23:43 | Research | Gold Shaft Mining |
| 23:44 | Research | Gold Shaft Mining |
| 23:45 | Queue | Villager (Male) |
| 23:46 | Queue | Villager (Male) |
| 23:58 | Queue | Knight |
Match timeline
| 1:03 | ImperialSheep · first_building Dock |
| 1:05 | 小刀 · first_building Dock |
| 1:05 | Mr. C · first_building Dock |
| 1:11 | _SHiX_ · first_building Dock |
| 1:13 | Mr. C · wall_segment Palisade Wall x1 |
| 1:15 | Mr. C · wall_segment Palisade Wall x1 |
| 1:16 | Mr. C · wall_segment Palisade Wall x1 |
| 1:22 | Mr. Keibron · wall_segment Palisade Wall x1 |
| 1:28 | Mr. Keibron · wall_segment Palisade Wall x1 |
| 1:30 | Mr. Keibron · wall_segment Palisade Wall x1 |
| 1:32 | Mr. Keibron · wall_segment Palisade Wall x1 |
| 1:36 | 小刀 · wall_segment Palisade Wall x1 |
| 1:49 | 小刀 · wall_segment Palisade Wall x1 |
| 1:54 | _SHiX_ · wall_segment Palisade Wall x1 |
| 2:06 | 小刀 · wall_segment Palisade Wall x1 |
| 2:09 | Mr. Keibron · wall_segment Palisade Wall x1 |
| 2:12 | Mr. Keibron · wall_segment Palisade Wall x1 |
| 2:19 | Mr. Keibron · wall_segment Palisade Wall x1 |
| 2:34 | Mr. Keibron · wall_segment Palisade Wall x1 |
| 2:51 | Mr. Keibron · wall_segment Palisade Wall x1 |
| 2:53 | Mr. Keibron · wall_segment Palisade Wall x1 |
| 2:57 | Mr. Keibron · wall_segment Palisade Wall x1 |
| 4:10 | Mr. Keibron · first_building Dock |
| 4:41 | Melodies of Life · first_building Dock |
| 5:14 | Mr. Fay · first_building Dock |
| 5:41 | 小刀 · wall_segment Palisade Wall x1 |
| 5:44 | Mr. C · wall_segment Palisade Wall x1 |
| 5:47 | Mr. C · wall_segment Palisade Wall x1 |
| 5:52 | Mr. C · wall_segment Palisade Wall x1 |
| 6:03 | Mr. C · wall_segment Palisade Wall x1 |
| 6:20 | 小刀 · wall_segment Palisade Wall x1 |
| 7:23 | Mr. C · wall_segment Palisade Wall x1 |
| 7:30 | Mr. C · wall_segment Palisade Wall x1 |
| 7:31 | Mr. C · wall_segment Palisade Wall x1 |
| 7:33 | Mr. C · wall_segment Palisade Wall x1 |
| 7:34 | Mr. C · wall_segment Palisade Wall x1 |
| 7:37 | 小刀 · resign |
| 8:23 | Mr. Bannon · first_building Dock |
| 10:01 | Mr. Bannon · first_building Barracks |
| 10:53 | Melodies of Life · wall_segment Palisade Wall x1 |
| 10:54 | Melodies of Life · wall_segment Palisade Wall x1 |
| 10:55 | Melodies of Life · wall_segment Palisade Wall x1 |
| 10:59 | Melodies of Life · wall_segment Palisade Wall x1 |
| 11:38 | Mr. Fay · first_building Barracks |
| 13:55 | Mr. C · age_up feudal |
| 15:01 | Mr. Fay · age_up feudal |
| 15:10 | Mr. C · first_market_sell 100 stone |
| 16:50 | Mr. C · first_market_buy 500 stone |
| 17:46 | Mr. Keibron · age_up feudal |
| 17:46 | Mr. Bannon · age_up feudal |
| 17:49 | Mr. Keibron · first_building Donjon |
| 18:09 | Mr. C · age_up castle |
| 18:14 | Mr. C · first_building Castle |
| 18:59 | Mr. Bannon · first_building Stable |
| 21:23 | Mr. Bannon · age_up castle |
| 23:29 | Mr. Bannon · first_building Monastery |
| 24:32 | Mr. Keibron · tribute_sent a jugador 1 |
| 24:32 | Mr. Keibron · tribute_sent a jugador 3 |
| 24:32 | Mr. Keibron · tribute_sent a jugador 4 |
| 24:32 | Mr. Keibron · tribute_sent a jugador 5 |
| 24:32 | Mr. Keibron · tribute_sent a jugador 6 |
| 24:32 | Mr. Keibron · tribute_sent a jugador 7 |
| 24:32 | Mr. Keibron · tribute_sent a jugador 8 |
| 24:36 | Mr. Fay · tribute_sent a jugador 1 |
| 24:36 | Mr. Fay · tribute_sent a jugador 2 |
| 24:36 | Mr. Fay · tribute_sent a jugador 3 |
| 24:36 | Mr. Fay · tribute_sent a jugador 4 |
| 24:36 | Mr. Fay · tribute_sent a jugador 5 |
| 24:36 | Mr. Fay · tribute_sent a jugador 7 |
| 24:36 | Mr. Fay · tribute_sent a jugador 8 |
| 27:24 | Mr. C · first_building Barracks |
| 27:27 | Mr. Fay · age_up castle |
| 28:15 | Mr. C · age_up imperial |
| 28:39 | Mr. Fay · tribute_sent a jugador 1 |
| 28:39 | Mr. Fay · tribute_sent a jugador 2 |
| 28:39 | Mr. Fay · tribute_sent a jugador 3 |
| 28:39 | Mr. Fay · tribute_sent a jugador 4 |
| 28:39 | Mr. Fay · tribute_sent a jugador 5 |
| 28:39 | Mr. Fay · tribute_sent a jugador 7 |
| 28:39 | Mr. Fay · tribute_sent a jugador 8 |
| 28:39 | Mr. Keibron · tribute_sent a jugador 1 |
| 28:39 | Mr. Keibron · tribute_sent a jugador 3 |
| 28:39 | Mr. Keibron · tribute_sent a jugador 4 |
| 28:39 | Mr. Keibron · tribute_sent a jugador 5 |
| 28:39 | Mr. Keibron · tribute_sent a jugador 6 |
| 28:39 | Mr. Keibron · tribute_sent a jugador 7 |
| 28:39 | Mr. Keibron · tribute_sent a jugador 8 |
| 30:43 | Mr. Fay · first_market_buy 100 wood |
| 30:47 | Mr. Fay · first_building Siege Workshop |
| 31:09 | Mr. C · first_building Siege Workshop |
| 31:15 | Mr. Bannon · first_market_sell 100 wood |
| 31:35 | Mr. Fay · first_market_sell 100 food |
[ AI ANALYSIS · 1 CREDIT ]
What really happened in this match?
Wolo.gg analyzes every decision: build order, eco, micro, common mistakes by bracket. Personalized analysis on WhatsApp or Discord in 30 seconds.
Civ guide
Sicilians
Perfil
Jugador #2701657